 Dungeon Crawl Stone Soup version 0.30-a0-1094-g860fb061e7 (webtiles) character file.

Game seed: 6207030743000272675

662 BlueFish the Sneak (level 7, -2/46 HPs)
             Began as an Octopode Warper on Apr 17, 2023.
             Slain by a scorpion (7 damage)
             ... on level 6 of the Dungeon.
             The game lasted 00:07:42 (3990 turns).

BlueFish the Sneak (Octopode Warper)                Turns: 3990, Time: 00:07:43

Health: -2/46      AC:  1    Str: 11 (12) XL:     7   Next: 56%
Magic:  9/11       EV: 14    Int: 13 (15) God:
Gold:   281        SH:  0    Dex: 17 (18) Spells: 5/12 levels left

rFire   . . .      SeeInvis .    a - +0 flail
rCold   + . .      Faith    .    (no shield)
rNeg    . . .      Spirit   .    (helmet restricted)
rPois   .          Reflect  .    (no amulet)
rElec   .          Rampage  .    g - +6 ring of dexterity
rCorr   .                        o - ring of willpower
Will    +....                    r - ring of protection from cold
Stlth   ++++                     (no ring)
HPRegen 0.27/turn                (no ring)
MPRegen 0.12/turn                (no ring)
                                 (no ring)
                                 (no ring)

@: on blink cooldown
A: almost no armour, amphibious, 8 rings, camouflage 1, gelatinous body 1,
(nimble swimmer 1), tentacles
a: no special abilities


You were on level 6 of the Dungeon.
You visited 1 branch of the dungeon, and saw 6 of its levels.

You collected 317 gold pieces.
You spent 36 gold pieces at shops.

Inventory:

Hand Weapons
 a - a +0 flail (weapon)
 q - a +0 mace
Missiles
 c - 7 boomerangs of dispersal
 f - 33 stones (quivered)
 j - 2 boomerangs
 v - 13 poisoned darts
Jewellery
 g - a +6 ring of dexterity (left tentacle)
 o - a ring of willpower (right tentacle)
 r - a ring of protection from cold (on tentacle)
Wands
 B - a wand of acid (10)
Scrolls
 b - a scroll of blinking
 h - a scroll of silence {unknown}
 l - a scroll of enchant weapon {unknown}
 m - 2 scrolls of teleportation
 n - a scroll of identify {unknown}
 s - a scroll of noise {unknown}
 t - a scroll of acquirement {unknown}
 u - a scroll of enchant armour {unknown}
 x - a scroll of poison {unknown}
 y - a scroll of magic mapping {unknown}
 A - a scroll of amnesia {unknown}
Potions
 d - a potion of curing
 e - 2 potions of lignification {unknown}
 i - a potion of attraction
 k - 2 potions of mutation {unknown}
 p - 2 potions of brilliance {unknown}
 w - 2 potions of haste {unknown}
 z - 2 potions of degeneration


   Skills:
 + Level 3.3 Fighting
 + Level 3.3 Maces & Flails
 + Level 2.7 Throwing
 + Level 3.6 Dodging
 * Level 5.7 Stealth
 + Level 3.1 Spellcasting
 + Level 4.0 Translocations


You had 5 spell levels left.
You knew the following spells:

 Your Spells              Type           Power      Damage    Failure   Level
a - Blink                 Tloc           24%        N/A       6%          2
b - Lesser Beckoning      Tloc           24%        N/A       6%          2
c - Teleport Other        Tloc           12%        N/A       13%         3

Your spell library contained the following spells:

 Spells                   Type           Power      Damage    Failure   Level
 Vhi's Electric Charge    Tloc/Air       14%        N/A       30%         3
 Manifold Assault         Tloc           12%        N/A       38%         4


Dungeon Overview and Level Annotations

Branches:
Dungeon (6/15)
 Temple: D:4-7

Altars:
Yredelemnul

Shops:
D:1 *   D:2 ?(*=

Annotations:
D:5 Prince Ribbit


Innate Abilities, Weirdness & Mutations

You cannot wear most types of armour.
You are amphibious.
You can wear up to eight rings at the same time.
Your skin changes colour to match your surroundings (Stealth+).
Your rubbery body absorbs attacks. (AC +1, EV +1)
((You are camouflaged when in or above water. (Stealth+)))
You have tentacles for arms and can constrict up to eight enemies at once.


Message History

A sky beast appears from thin air!
Reactivating autopickup.
You feel stable enough to blink again.
An iguana comes into view.
Found 10 gold pieces and a robe.
A hound comes into view.
The hound barks!
The hound completely misses you.
Found a scroll labelled VISAJU XAJY.
The hound attacks as you move away! The hound bites you.
* * * LOW HITPOINT WARNING * * *
The hound closely misses you. The hound bites you but does no damage.
You closely miss the hound. You grab the hound. You squeeze the hound.
The hound is lightly wounded.
You constrict the hound, but do no damage.
The hound bites you.
* * * LOW HITPOINT WARNING * * *
The hound completely misses you.
You feel better.
You constrict the hound. The hound bites you.
* * * LOW HITPOINT WARNING * * *
You sock the hound!
The hound is severely wounded.
You constrict the hound. The hound bites you.
* * * LOW HITPOINT WARNING * * *
The hound misses you.
You feel better.
You constrict the hound.
You kill the hound!
Casting: Blink (safe; 5% risk of failure)
Confirm with . or Enter, or press ? or * to list all spells.
You blink.
The scorpion barely misses you. The sky beast attacks as you move away!
The sky beast hits you.
* * * LOW HITPOINT WARNING * * *
The sky beast shocks you.
* * * LOW HITPOINT WARNING * * *
It was a potion of degeneration.
There was something very wrong with that liquid.
You feel weakened.
You feel dopey.
You feel clumsy. The scorpion misses you. The scorpion stings you!
You die...

#.# ... # ?.# #.#.### .
.#...# ##. ..#.#
...#.##.#.#
.......@#.#####.###
.....###s.†........
...[$....###...####
........## .### ...
.>..#.#.####.###### #..
................... ....
....##........... .##.
..........Y.....# ##..!.
..........##..#####...##


You could see a scorpion.

Vanquished Creatures
  Pargi (D:3)
  Blork the orc (D:5)
  2 scorpions
  A howler monkey (D:5)
  A jelly (D:5)
  2 hounds
  3 iguanas
  Jessica (D:3)
  A hound zombie (D:3)
  6 adders
  A white imp (D:4)
  A worm (D:4)
  A dart slug (D:1)
  8 orcs
  5 ball pythons
  11 endoplasms
  3 giant cockroaches
  5 hobgoblins
  2 quokkas
  2 bats
  4 frilled lizards
  4 goblins
  A jackal zombie (D:3)
  6 kobolds
  4 rats (D:3)
77 creatures vanquished.

Notes
Turn   | Place    | Note
-------+----------+-------------------------------------------
     0 | D:1      | BlueFish the Octopode Warper began the quest for the Orb.
     0 | D:1      | Reached XP level 1. HP: 14/14 MP: 3/3
   146 | D:1      | Reached skill level 1 in Stealth
   146 | D:1      | Reached XP level 2. HP: 19/19 MP: 5/5
   199 | D:1      | Learned a level 2 spell: Blink
   202 | D:1      | Learned a level 2 spell: Lesser Beckoning
   327 | D:1      | Found Mesaisiom's Assorted Antiques.
   594 | D:2      | Found Foeleoho's Magic Scroll Emporium.
   608 | D:2      | Reached XP level 3. HP: 19/24 MP: 6/6
   634 | D:2      | Bought a scroll of teleportation for 36 gold pieces
   641 | D:2      | Found Saehouv's Weapon Emporium.
   672 | D:2      | Reached skill level 2 in Stealth
   735 | D:2      | Found Luilykko's Assorted Antiques.
  1042 | D:2      | Found Weiq's Jewellery Emporium.
  1078 | D:2      | Reached XP level 4. HP: 29/29 MP: 7/7
  1354 | D:3      | Noticed Pargi
  1377 | D:3      | Killed Pargi
  1378 | D:3      | Reached skill level 3 in Stealth
  1378 | D:3      | Reached XP level 5. HP: 11/35 MP: 6/8
  1717 | D:3      | Noticed Jessica
  1725 | D:3      | Killed Jessica
  1736 | D:3      | Learned a level 3 spell: Teleport Other
  1836 | D:3      | Reached skill level 4 in Stealth
  2330 | D:3      | Found a basalt altar of Yredelemnul.
  2334 | D:3      | Reached XP level 6. HP: 38/41 MP: 9/9
  2890 | D:5      | Entered Level 5 of the Dungeon
  2997 | D:5      | Noticed Prince Ribbit
  3022 | D:5      | Reached skill level 5 in Stealth
  3022 | D:5      | Reached XP level 7. HP: 41/46 MP: 11/11
  3505 | D:5      | Noticed Blork the orc
  3515 | D:5      | Killed Blork the orc
  3990 | D:6      | Slain by a scorpion

Illustrated notes

Levels and vault maps discovered:
D:1:      scummos_arrival_star, layout_basic, serial_shops, shop
D:2:      layout_basic, serial_shops, shop_statue, shop_fountains, shop_coins,
          nicolae_square_shop
D:3:      layout_basic, lemuel_zombie_altar_yredelemnul, uniq_jessica,
          uniq_pargi
D:4:      layout_gridville
D:5:      layout_cave_pods, lemuel_flame_loot_1, uniq_blork_the_orc,
          uniq_prince_ribbit1
D:6:      layout_rooms, minmay_temple_entry_ruins

Skill      XL: |  1  2  3  4  5  6  7 |
---------------+----------------------+-----
Stealth        | 1 2 3 4 5 |  5.7
Dodging        | 3 |  3.6
Throwing       | 2 |  2.7
Maces & Flails | 3 |  3.3
Fighting       | 3 |  3.3
Spellcasting   | 3 |  3.1
Translocations | 4 |  4.0

Action                     |  1- 3 |  4- 6 |  7- 9 || total
---------------------------+-------+-------+-------++-------
  Melee: Mace              |    54 |    17 |       ||    71
         Tentacles         |    15 |    17 |     9 ||    41
         Constrict         |    14 |    17 |     8 ||    39
         Punch             |       |     1 |     2 ||     3
         Flail             |       |    65 |    25 ||    90
  Throw: Dart              |       |     1 |    12 ||    13
         Stone             |       |       |     2 ||     2
   Cast: Blink             |       |     1 |     2 ||     3
    Use: Potion            |       |     4 |     3 ||     7
   Stab: Sleeping          |     8 |    12 |     2 ||    22
         Distracted        |     1 |       |       ||     1
 Armour: Skin              |     3 |     3 |     2 ||     8
  Dodge: Dodged            |    37 |    60 |    15 ||   112

Table legend: (Time is in decaauts)
 A = Elapsed time spent in this place.
 B = Non-inter-level travel time spent in this place.
 C = Inter-level travel time spent in this place.
 D = Time resting spent in this place.
 E = Time spent auto-exploring this place.
 F = Levels seen in this place.
 G = Mean time per level.
                   A        B        C        D        E       F      G
               +--------+--------+--------+--------+--------+-----+--------+
         Total |   4028 |   3888 |    140 |      0 |   3187 |   6 |  671.3 |
       Dungeon |   4028 |   3888 |    140 |      0 |   3187 |   6 |  671.3 |
               +--------+--------+--------+--------+--------+-----+--------+

Top non-repeatable levels by time:
     D:3: 1054 daAuts
     D:5: 1008 daAuts
     D:2: 809 daAuts
     D:1: 543 daAuts
     D:4: 517 daAuts
     D:6: 97 daAuts
